 Dungeon Crawl Stone Soup version 0.30-a0-622-gddc90eaa04 (webtiles) character file.

Game seed: 5765383995042782136

6514 Mitcholas the Skirmisher (level 10, -4/53 HPs)
             Began as a Spriggan Hunter on Jan 10, 2023.
             Was a Priest of Okawaru.
             Slain by a yak (11 damage)
             ... on level 10 of the Dungeon.
             The game lasted 00:46:45 (8560 turns).

Mitcholas the Skirmisher (Spriggan Hunter)          Turns: 8560, Time: 00:46:46

Health: -4/53      AC:  7    Str:  7    XL:     10   Next: 69%
Magic:  15/15      EV: 26    Int: 12    God:    Okawaru [***...]
Gold:   377        SH:  0    Dex: 22    Spells: 12/15 levels left

rFire   + . .      SeeInvis +    a - +0 shortbow
rCold   . . .      Faith    .    (shield currently unavailable)
rNeg    . . .      Spirit   .    G - +1 steam dragon scales
rPois   .          Reflect  .    (helmet restricted)
rElec   .          Harm     .    x - +0 cloak
rCorr   .          Rampage  .    (gloves unavailable)
Will    ++...                    (boots unavailable)
Stlth   ++++                     u - amulet of magic regeneration
HPRegen 0.28/turn                o - ring of willpower
MPRegen 0.54/turn                E - ring of protection from fire

@: very quick
A: very small, no large weapons, unfitting armour, see invisible, speed 3
a: Renounce Religion, Heroism


You were on level 10 of the Dungeon.
You worshipped Okawaru.
Okawaru was most pleased with you.
You visited 2 branches of the dungeon, and saw 13 of its levels.

You collected 377 gold pieces.

Inventory:

Hand Weapons
 a - a +0 shortbow (weapon)
Missiles
 t - 4 poisoned darts
 F - a throwing net
Armour
 x - a +0 cloak (worn)
 G - +1 steam dragon scales (worn)
Jewellery
 o - a ring of willpower (left hand)
 u - an amulet of magic regeneration (around neck)
 A - a ring of protection from cold
 E - a ring of protection from fire (right hand)
 I - a ring of willpower
Wands
 c - a wand of roots (19)
 C - a wand of flame (24)
Scrolls
 b - 2 scrolls of immolation
 d - 2 scrolls of fog
 f - a scroll of brand weapon {unknown}
 h - a scroll of noise {unknown}
 i - a scroll of fear
 j - 7 scrolls of identify
 l - a scroll of poison {unknown}
 q - 3 scrolls of amnesia
 r - 6 scrolls of teleportation
 s - 3 scrolls of blinking
 v - a scroll of magic mapping
 y - 2 scrolls of enchant armour {unknown}
Potions
 e - a potion of cancellation {unknown}
 g - 3 potions of resistance {unknown}
 k - 2 potions of magic {unknown}
 m - 4 potions of lignification {unknown}
 n - 2 potions of heal wounds {unknown}
 p - 4 potions of brilliance
 w - 2 potions of mutation {unknown}
 z - 2 potions of curing
 B - a potion of experience {unknown}
 D - 2 potions of attraction {unknown}
 H - a potion of flight {unknown}
 J - a potion of degeneration {unknown}


   Skills:
 + Level 6.1 Fighting
 * Level 11.0 Ranged Weapons
 + Level 9.7 Dodging
 - Level 6.0 Stealth
 + Level 3.3 Spellcasting
 - Level 2.0 Hexes
 - Level 2.0 Translocations
 + Level 2.7 Invocations
 - Level 6.0 Evocations


You had 12 spell levels left.
You knew the following spells:

 Your Spells              Type           Power      Damage    Failure   Level
a - Portal Projectile     Hex/Tloc       12%        N/A       32%         3

Your spell library contained the following spells:

 Spells                   Type           Power      Damage    Failure   Level
 Static Discharge         Conj/Air       2%         2-3/arc   36%         2
 Vhi's Electric Charge    Tloc/Air       8%         N/A       43%         3
 Leda's Liquefaction      Hex/Erth       2%         N/A       85%         4
 Arcjolt                  Conj/Air       0%         1d10      100%        5
 Blade Hands              Tmut           0%         N/A       100%        5
 Fireball                 Conj/Fire      0%         3d3       100%        5
 Iskenderun's Battlesphe  Conj           1%         2d6       100%        5
 Lightning Bolt           Conj/Air       0%         1d11      100%        5
 Conjure Ball Lightning   Conj/Air       0%         3x3d6     100%        6
 Orb of Destruction       Conj           0%         9d5       100%        7
 Tukima's Dance           Hex            Unusable   N/A       N/A         3
 Call Canine Familiar     Summ           Unusable   N/A       N/A         3

Dungeon Overview and Level Annotations

Branches:
Dungeon (12/15)            Temple (1/1) D:6
   Lair: D:8-11         Orc: D:9-12

Altars:
Ashenzari
Cheibriados
Dithmenos
Elyvilon
Fedhas
Gozag
Hepliaklqana
Kikubaaqudgha
Makhleb
Nemelex Xobeh
Okawaru
Qazlal
Ru
Sif Muna
Trog
Vehumet
Wu Jian
Zin
The Shining One

Shops:
D:12 (:(

Annotations:
D:3 1 runed translucent door, Crazy Yiuf
D:11 Erolcha
D:12 Fannar


Innate Abilities, Weirdness & Mutations

You are very small and have problems with some larger weapons.
You are too small for most types of armour.
You have supernaturally acute eyesight. (SInv)
You cover ground extremely quickly. (Speed+++)


Message History

You shoot an arrow. The arrow completely misses the yak.
The yak closely misses you.
Fire: a) +0 shortbow
Press: ? - help, Q - select action, (/) - cycle Shift-Dir - straight line, f/p - yak
Aim: a yak (severely wounded, 79% to hit)
You shoot an arrow. The arrow hits the yak.
The yak is severely wounded.
The yak gores you but does no damage.
Fire: a) +0 shortbow
Press: ? - help, Q - select action, (/) - cycle Shift-Dir - straight line, f/p - yak
Aim: a yak (severely wounded, 79% to hit)
You shoot an arrow.
The arrow hits the yak but does no damage.
The yak is severely wounded.
The yak barely misses you.
Fire: a) +0 shortbow
Press: ? - help, Q - select action, (/) - cycle Shift-Dir - straight line, f/p - yak
Aim: a yak (severely wounded, 79% to hit)
You shoot an arrow. The arrow barely misses the yak.
The yak misses you.
Fire: a) +0 shortbow
Press: ? - help, Q - select action, (/) - cycle Shift-Dir - straight line, f/p - yak
Aim: a yak (severely wounded, 79% to hit)
You shoot an arrow.
The arrow hits the yak but does no damage.
The yak is severely wounded.
The yak gores you!
* * * LOW HITPOINT WARNING * * *
Fire: a) +0 shortbow
Press: ? - help, Q - select action, (/) - cycle Shift-Dir - straight line, f/p - yak
Aim: a yak (severely wounded, 79% to hit)
You shoot an arrow. The arrow closely misses the yak.
The yak misses you.
Fire: a) +0 shortbow
Press: ? - help, Q - select action, (/) - cycle Shift-Dir - straight line, f/p - yak
Aim: a yak (severely wounded, 79% to hit)
You shoot an arrow. The arrow hits the yak!
The yak is almost dead.
The yak gores you!
You die...

** #..* *,** * ######.### *,,* *
#........### **,* * #........(.##
*,# ** ## #..).....#..#####'#####
*, .#
#........##..#........#####*,
.####........###.#..<.....'o..#*,
.##..........# #†#.......Y###Y#*,
.'..#........# #@Y........# #.(o)
.####........# ###........# ####Y
.# #........# #........# *, ##
#........# ####+##### *, *
#........# *,,* ** * #######.##
**,* *, * *.# *,* **, * **,* *,*
*,, *,,* *,* *,,


You could see a yak.

Vanquished Creatures
  Maggie (D:6)
  A kobold demonologist (D:12)
  2 wraiths
  13 yaks
  A basilisk (D:12)
  3 steam dragons
  Menkaure (D:5)
  2 vampire mosquitoes (D:12)
  2 water moccasins (D:7)
  A black bear (D:4)
  An ice beast (D:5)
  2 sky beasts (D:7)
  An orc warrior (D:8)
  An ogre (D:5)
  5 centaurs (D:12)
  2 phantoms
  3 bullfrogs
  A gnoll sergeant (D:7)
  4 necrophages
  2 scorpions
  3 wights (D:6)
  A vampire bat (D:4)
  2 howler monkeys (D:8)
  A jelly (D:7)
  A gnoll bouda (D:5)
  3 orc priests
  5 hounds
  2 iguanas (D:4)
  5 orc wizards
  A mummy (D:4)
  13 gnolls
  6 adders
  A white imp (D:8)
  2 ufetubi (D:6)
  A worm (D:4)
  3 dart slugs
  16 orcs
  6 ball pythons
  5 bats (D:4)
  10 endoplasms
  3 giant cockroaches
  7 goblins
  5 hobgoblins
  10 jackals
  10 kobolds
  3 quokkas (D:1)
  A frilled lizard (D:1)
  6 rats
181 creatures vanquished.

Notes
Turn   | Place    | Note
-------+----------+-------------------------------------------
     0 | D:1      | Mitcholas the Spriggan Hunter began the quest for the Orb.
     0 | D:1      | Reached XP level 1. HP: 10/10 MP: 2/2
   237 | D:1      | Reached XP level 2. HP: 15/15 MP: 3/3
   495 | D:1      | Found a faded altar of an unknown god.
   972 | D:2      | Reached XP level 3. HP: 18/18 MP: 4/4
  1300 | D:2      | Reached XP level 4. HP: 23/23 MP: 5/5
  1388 | D:3      | Found an opulent altar of Gozag.
  1475 | D:3      | Found a runed translucent door.
  1476 | D:3      | Noticed Crazy Yiuf
  1783 | D:3      | Reached skill level 5 in Ranged Weapons
  1867 | D:3      | Found a bloodstained altar of Trog.
  2119 | D:4      | Reached XP level 5. HP: 27/27 MP: 6/6
  2443 | D:4      | Found a sacrificial altar of Ru.
  2554 | D:4      | Found a snail-covered altar of Cheibriados.
  2895 | D:5      | Entered Level 5 of the Dungeon
  3038 | D:5      | Reached XP level 6. HP: 32/32 MP: 7/7
  3203 | D:5      | Reached skill level 6 in Ranged Weapons
  3203 | D:5      | Reached skill level 1 in Evocations
  3239 | D:5      | Noticed an ice beast
  3346 | D:5      | Killed an ice beast
  3347 | D:5      | Reached skill level 5 in Dodging
  3360 | D:5      | Reached XP level 7. HP: 36/36 MP: 8/8
  3361 | D:5      | Found a radiant altar of Vehumet.
  3431 | D:5      | Noticed Menkaure
  3602 | D:5      | Found a blossoming altar of Fedhas.
  3835 | D:5      | Found a broken altar of Ashenzari.
  4015 | D:5      | Reached skill level 7 in Ranged Weapons
  4060 | D:5      | Killed Menkaure
  4061 | D:5      | Reached XP level 8. HP: 7/42 MP: 9/9
  4247 | D:5      | Found an ancient bone altar of Kikubaaqudgha.
  4951 | D:6      | Reached skill level 8 in Ranged Weapons
  4973 | D:6      | Found a staircase to the Ecumenical Temple.
  5116 | D:7      | Found an iron altar of Okawaru.
  5205 | D:7      | Reached skill level 5 in Stealth
  5232 | D:7      | Reached skill level 5 in Evocations
  5619 | D:7      | Reached XP level 9. HP: 46/46 MP: 10/10
  5659 | Temple   | Entered the Ecumenical Temple
  5732 | D:7      | Became a worshipper of Warmaster Okawaru
  6059 | D:6      | Noticed Maggie
  6088 | D:6      | Killed Maggie
  6089 | D:6      | Reached skill level 9 in Ranged Weapons
  6334 | D:6      | Learned a level 3 spell: Portal Projectile
  6457 | D:6      | Reached skill level 5 in Fighting
  6608 | D:7      | Found a shadowy altar of Dithmenos.
  6651 | D:7      | Reached * piety under Okawaru
  6679 | D:7      | Found a burning altar of Makhleb.
  7266 | D:8      | Reached skill level 10 in Ranged Weapons
  7273 | D:8      | Reached ** piety under Okawaru
  7567 | D:8      | Reached XP level 10. HP: 52/52 MP: 11/11
  7661 | D:9      | You fall into a shaft and drop 3 floors!
  7706 | D:12     | Found Kocouzir's Book Shoppe.
  7783 | D:12     | Found Nukkufof's Weapon Shop.
  7800 | D:12     | Noticed a manticore
  7802 | D:12     | Noticed Fannar
  7802 | D:12     | Noticed a deep elf pyromancer
  7848 | D:12     | Reached skill level 1 in Translocations
  7855 | D:12     | Reached skill level 1 in Spellcasting
  7855 | D:12     | Reached skill level 1 in Hexes
  7909 | D:12     | Noticed a soul eater
  7921 | D:12     | Reached skill level 1 in Invocations
  7977 | D:12     | Found Caotem's Weapon Shop.
  7994 | D:11     | Noticed Erolcha
  8013 | D:12     | Noticed an orange demon
  8017 | D:12     | Noticed a soul eater
  8030 | D:12     | HP: 2/53 [poisoned by an orange demon]
  8219 | D:11     | Found an ornate altar of the Wu Jian Council.
  8239 | D:10     | Entered Level 10 of the Dungeon
  8268 | D:10     | Reached *** piety under Okawaru
  8541 | D:10     | Reached skill level 11 in Ranged Weapons
  8560 | D:10     | Slain by a yak

Illustrated notes

Levels and vault maps discovered:
D:1:      lightli_arrival_boilingwater, layout_loops_ring,
          hellmonk_ecumenical_altar_leap_of_faith
D:2:      layout_basic
D:3:      layout_rooms, lemuel_tele_altar, trog_book, uniq_crazy_yiuf_cottage
D:4:      layout_basic, nicolae_ru_sacrificial_ziggurat, slow_altar_2,
          palyth_stone_intersect, roderic_batcave
D:5:      layout_loops_ring, ashenzari_altar_1,
          mainiacjoe_overflow_large_starburst,
          nicolae_kikubaaqudgha_miasma_corner, grunt_decor_resistance,
          uniq_menkaure
D:6:      layout_basic, minmay_temple_entry_from_below_a, uniq_maggie
D:7:      layout_cave_pods, kennysheep_okawaru_gauntlet,
          mainiacjoe_overflow_catwalk_spiral
D:8:      layout_basic
D:9:      layout_basic, mainiacjoe_overflow_alcove_1, led_xom_imps,
          mainiacjoe_overflow_surrounded_room, minivault_25_ag,
          minmay_misc_feat_rows, lightli_corner_chamber, uniq_gastronok
D:10:     layout_roguey, enter_bailey_2
D:11:     minmay_the_grid_triangle_9x9_recursive_3_mashed
          [minmay_the_grid_triangle_9x9_impossible_snake,
          minmay_the_grid_triangle_9x9_cache,
          minmay_the_grid_triangle_9x9_wacky_v,
          minmay_the_grid_triangle_9x9_prize_insulated,
          minmay_the_grid_triangle_9x9_semitri,
          minmay_the_grid_triangle_9x9_descending_squares,
          minmay_the_grid_triangle_9x9_thin_v,
          minmay_the_grid_triangle_9x9_swiss_cheese,
          minmay_the_grid_triangle_9x9_subtriangle], layout_irregular_city,
          david_orc_3, pdpol_wu_jian_five_deadly_venoms, uniq_erolcha
D:12:     layout_rooms, serial_shops, shop, shop, nicolae_shop_stone, shop,
          uniq_fannar
Temple:   hellmonk_temple_rainy

Skill      XL: |  1  2  3  4  5  6  7  8  9 10 |
---------------+-------------------------------+-----
Stealth        | 2 3 4 5 6 |  6.0
Dodging        | 3 4 5 6 7 9 |  9.7
Fighting       | 2 3 4 5 6 |  6.1
Ranged Weapons | 5 6 7 8 10 11 | 11.0
Evocations     | 1 3 5 6 |  6.0
Translocations | 2 |  2.0
Spellcasting   | 3 |  3.3
Hexes          | 2 |  2.0
Invocations    | 2 |  2.7

Action                   |  1- 3 |  4- 6 |  7- 9 | 10-12 || total
-------------------------+-------+-------+-------+-------++-------
 Fire: Shortbow          |    98 |   176 |   502 |   200 ||   976
Throw: Dart              |       |       |     4 |       ||     4
Evoke: Wand              |       |       |       |     3 ||     3
  Use: Scroll            |       |       |       |     7 ||     7
       Potion            |       |       |       |     2 ||     2
Armor: Robe              |     3 |     5 |     5 |       ||    13
       Steam dragon scal |       |       |     3 |    12 ||    15
Dodge: Dodged            |    37 |    43 |   140 |   166 ||   386

Table legend: (Time is in decaauts)
 A = Elapsed time spent in this place.
 B = Non-inter-level travel time spent in this place.
 C = Inter-level travel time spent in this place.
 D = Time resting spent in this place.
 E = Time spent auto-exploring this place.
 F = Levels seen in this place.
 G = Mean time per level.
                   A        B        C        D        E       F      G
               +--------+--------+--------+--------+--------+-----+--------+
         Total |   6205 |   5909 |    296 |   1042 |   2665 |  13 |  477.3 |
       Dungeon |   6190 |   5902 |    288 |   1042 |   2659 |  12 |  515.8 |
        Temple |     14 |      7 |      7 |      0 |      5 |   1 |   14.0 |
               +--------+--------+--------+--------+--------+-----+--------+

Top non-repeatable levels by time:
     D:5: 1152 daAuts
     D:7: 792 daAuts
     D:4: 778 daAuts
     D:6: 766 daAuts
     D:1: 609 daAuts
     D:8: 596 daAuts
    D:12: 433 daAuts
     D:3: 378 daAuts
     D:2: 360 daAuts
    D:10: 297 daAuts
    D:11: 23 daAuts
  Temple: 14 daAuts
     D:9: 1 daAuts
